Workbook
Name _AFC1: [1]INV!$A$25:$D$28
Name _AFC3: [1]INV!$F$25:$I$28
Name _AFC5: [1]INV!$K$25:$N$28
Name _BGC1: [1]INV!$A$5:$D$8
Name _BGC3: [1]INV!$F$5:$I$8
Name _BGC5: [1]INV!$K$5:$N$8
Name _CAC1: [1]INV!$A$19:$D$22
Name _CAC3: [1]INV!$F$19:$I$22
Name _CAC5: [1]INV!$K$19:$N$22
Name _Cod1: #REF!
Name _Cod1: #REF!
Name _Cod1: #REF!
Name _Cod1: #REF!
Name _Cod1: #REF!
Name _MA2: #REF!
Name _MA2: #REF!
Name _MA2: #REF!
Name _MA2: #REF!
Name _MA2: #REF!
Name _Pa1: '[4]Paral. 1'!$E$1:$E$65536
Name _Pa1: '[4]Paral. 1'!$E$1:$E$65536
Name _Pa1: '[4]Paral. 1'!$E$1:$E$65536
Name _Pa1: '[4]Paral. 1'!$E$1:$E$65536
Name _Pa1: '[4]Paral. 1'!$E$1:$E$65536
Name _Pa1: '[4]Paral. 1'!$E$1:$E$65536
Name _Pa1: '[5]Paral. 1'!$E$1:$E$65536
Name _Pa2: '[4]Paral. 2'!$E$1:$E$65536
Name _Pa2: '[4]Paral. 2'!$E$1:$E$65536
Name _Pa2: '[4]Paral. 2'!$E$1:$E$65536
Name _Pa2: '[4]Paral. 2'!$E$1:$E$65536
Name _Pa2: '[4]Paral. 2'!$E$1:$E$65536
Name _Pa2: '[4]Paral. 2'!$E$1:$E$65536
Name _Pa2: '[5]Paral. 2'!$E$1:$E$65536
Name _Pa3: '[4]Paral. 3'!$E$1:$E$65536
Name _Pa3: '[4]Paral. 3'!$E$1:$E$65536
Name _Pa3: '[4]Paral. 3'!$E$1:$E$65536
Name _Pa3: '[4]Paral. 3'!$E$1:$E$65536
Name _Pa3: '[4]Paral. 3'!$E$1:$E$65536
Name _Pa3: '[4]Paral. 3'!$E$1:$E$65536
Name _Pa3: '[5]Paral. 3'!$E$1:$E$65536
Name _Pa4: [4]Paral.4!$E$1:$E$65536
Name _Pa4: [4]Paral.4!$E$1:$E$65536
Name _Pa4: [4]Paral.4!$E$1:$E$65536
Name _Pa4: [4]Paral.4!$E$1:$E$65536
Name _Pa4: [4]Paral.4!$E$1:$E$65536
Name _Pa4: [4]Paral.4!$E$1:$E$65536
Name _Pa4: [5]Paral.4!$E$1:$E$65536
Name _SBC1: [1]INV!$A$12:$D$15
Name _SBC3: [1]INV!$F$12:$I$15
Name _SBC5: [1]INV!$K$12:$N$15
Name a: #REF!
Name a: #REF!
Name a: #REF!
Name a: #REF!
Name a: #REF!
Name A_IMPRESIÓN_IM: #REF!
Name A_IMPRESIÓN_IM: #REF!
Name A_IMPRESIÓN_IM: #REF!
Name A_IMPRESIÓN_IM: #REF!
Name A_IMPRESIÓN_IM: #REF!

Sheet Formulario 1
A2: SECRETARÍA DE SUMINISTROS Y SERVICIOS
A3: LICITACIÓN PÚBLICA No. 70007326
A5: MANTENIMIENTO Y RENOVACIÓN DE OBRAS CIVILES DE LOS BIENES INMUEBLES PROPIEDAD DEL MUNICIPIO O EN LOS QUE LE CORRESPONDA HACERLO EN VIRTUD DE UNA OBLIGACIÓN CONTRACTUAL
A7: Formulario No. 1
A8: CONTRATOS EN EJECUCIÓN
A10: CONTRATO NO. (1) | B10: OBJETO DEL CONTRATO | C10: CONTRATANTE | D10: FORMA DE EJECUCIÓN (2) | E10: % DE PARTICIPACION | F10: VALOR COP (3) | G10: PLAZO (MESES) (4) | H10: FECHA INICIO (dd/mm/aaaa) | I10: SUSPENSIONES (5)
I11: FECHA INICIO (dd/mm/aaaa) | J11: FECHA TERMINACIÓN (dd/mm/aaaa)
A22: (1) Contratos de obras civiles en ejecución, incluyendo los suspendidos y aquellos que no tengan acta de inicio. | G22: SI EL PROPONENTE NO TIENE CONTRATOS EN EJECUCIÓN, EN ESTE FORMULARIO DEBE DEJAR CONSTANCIA EXPRESA DE ESA CIRCUNSTANCIA
A23: (2) Indicar si el contrato se ejecuta en forma Individual (I), en Consorcio (C) o Unión Temporal (UT).
A24: (3) Valor total del contrato expresado en moneda legal colombiana.
A25: (4) Plazo total de contrato incluyendo las ampliaciones.
A26: (5) Si el contrato presenta mas de una suspensión deberán informarlas todas, Si a la fecha de cierre del presente proceso en contrato se encuentra suspendido no diligenciar la "Fecha de Terminación".
A29: El formulario debe ser diligenciado en su totalidad. En todo caso la evaluación se efectuara conforme lo dispuesto en el pliego.
A30: Para el caso de proponentes plurales se debe entregar formulario por cada uno de los integrantes
A33: ____________________________________
A34: Nombre del Proponente Individual o Integrante del Consorcio:
A37: ____________________________________ | E37: ____________________________________
A38: Firma representante legal del Oferente | E38: Firma del auditor o revisor fiscal
A39: Nombre: | E39: Nombre:
A40: Cargo: | E40: Cargo:
A41: Documento de Identidad: | E41: Documento de Identidad:

Sheet Formulario 1.1
A2: SECRETARÍA DE SUMINISTROS Y SERVICIOS
A3: LICITACIÓN PÚBLICA No. 70007326
A5: MANTENIMIENTO Y RENOVACIÓN DE OBRAS CIVILES DE LOS BIENES INMUEBLES PROPIEDAD DEL MUNICIPIO O EN LOS QUE LE CORRESPONDA HACERLO EN VIRTUD DE UNA OBLIGACIÓN CONTRACTUAL
A7: Formulario No. 1.1
A8: EXPERIENCIA DEL PROPONENTE PARA LA Cr
A11: CONTRATO No. (1) | B11: CONTRATANTE | C11: OBJETO DEL CONTRATO | D11: FORMA DE | E11: % DE | F11: VALOR DEL CONTRATO (3)
D12: EJECUCIÓN (2) | E12: PARTICIPACIÓN | F12: EN PESOS | G12: EN SMMLV
E21: TOTAL
A23: (1) Contratos relacionados con la actividad de la construcción - Segmento 72 Clasificador UNSPSC | D23: SALARIO MÍNIMO MENSUAL LEGAL (SMMLV)
D24: Año | E24: Valor | F24: Año | G24: Valor
A25: (2) Indicar si el contrato se ejecuta en forma Individual (I), en Consorcio (C) o Unión Temporal (UT). | D25: 1997 | E25: 172005 | F25: 2010 | G25: 515000
D26: 1998 | E26: 203826 | F26: 2011 | G26: 535600
A27: (3) Valor total del contrato, en Pesos (COP) y SMMLV a la fecha de TERMINACIÓN del contrato | D27: 1999 | E27: 236438 | F27: 2012 | G27: 566700
D28: 2000 | E28: 260106 | F28: 2013 | G28: 589500
D29: 2001 | E29: 286000 | F29: 2014 | G29: 616000
D30: 2002 | E30: 309000 | F30: 2015 | G30: 644350
A31: El formulario debe ser diligenciado en su totalidad. En todo caso la evaluación se efectuara conforme lo dispuesto en el pliego. | D31: 2003 | E31: 332000 | F31: 2016 | G31: 689454
D32: 2004 | E32: 358000 | F32: 2017 | G32: 737717
A33: Para el caso de proponentes plurales se debe entregar formulario por cada uno de los integrantes. | D33: 2005 | E33: 381500 | F33: 2018 | G33: 781242
D34: 2006 | E34: 408000 | F34: 2019 | G34: 828116
D35: 2007 | E35: 433700 | F35: 2020 | G35: 877803
D36: 2008 | E36: 461500 | F36: 2021 | G36: 908526
D37: 2009 | E37: 496900 | F37: 2022 | G37: 1000000
A40: ____________________________________ | D40: ____________________________________
A41: Firma representante legal del Oferente | D41: Firma del auditor o revisor fiscal
A42: Nombre: | D42: Nombre:
A43: Cargo: | D43: Cargo:
A44: Documento de Identidad: | D44: Documento de Identidad:

Sheet Formulario 1.2
A2: SECRETARÍA DE SUMINISTROS Y SERVICIOS
A3: LICITACIÓN PÚBLICA No. 70007326
A5: ='Formulario 1'!A5:J5 -> MANTENIMIENTO Y RENOVACIÓN DE OBRAS CIVILES DE LOS BIENES INMUEBLES PROPIEDAD DEL MUNICIPIO O EN LOS QUE LE CORRESPONDA HACERLO EN VIRTUD DE UNA OBLIGACIÓN CONTRACTUAL
A7: Formulario No. 1.2
A8: CAPACIDAD TÉCNICA - Cr
A10: No. | B10: Nombre del socio y/o profesional de la arquitectura, ingenieria o geologia | C10: Marcar con una X | E10: Profesión | F10: No. Matricula profecional | G10: Numero y año del contrato laboral o de prestacion de servicios profecionales | H10: Vigencia del Contrato
C11: Socio | D11: Empleado
A20: Para el caso de proponentes plurales se debe entregar formulario por cada uno de los integrantes.
A24: ____________________________________
A25: Nombre del Proponente Individual o Integrante del Consorcio:
A29: ____________________________________ | F29: ____________________________________
A30: Firma representante legal del Oferente | F30: Firma del auditor o revisor fiscal
A31: Nombre: | F31: Nombre:
A32: Cargo: | F32: Cargo:
A33: Documento de Identidad: | F33: Documento de Identidad:

Sheet Formulario 2
A2: SECRETARÍA DE SUMINISTROS Y SERVICIOS
A4: ='Formulario 1'!A3:J3 -> LICITACIÓN PÚBLICA No. 70007326
A6: ='Formulario 1'!A5:J5 -> MANTENIMIENTO Y RENOVACIÓN DE OBRAS CIVILES DE LOS BIENES INMUEBLES PROPIEDAD DEL MUNICIPIO O EN LOS QUE LE CORRESPONDA HACERLO EN VIRTUD DE UNA OBLIGACIÓN CONTRACTUAL
A8: Formulario No. 2
A9: EXPERIENCIA GENERAL Y ESPECIFICA DEL PROPONENTE
A11: No. Del contrato en el RUP (No. Consecutivo o No. de Orden) (1) | B11: CONTRATO No. (2) | C11: OBJETO DEL CONTRATO | D11: CONTRATANTE | E11: FECHA DE INICIACIÓN (mes - año) | F11: FECHA DE TERMINACIÓN (3) (mes - año) | G11: FORMA DE EJECUCIÓN (4) | H11: VALOR DEL CONTRATO (5) | J11: CLASIFICACIÓN (6) | K11: EXPERIENCIA ESPECIFICA (SI/NO) (7)
H12: EN PESOS (COP) | I12: EN SMMLV
A21: (1) Posición o ubicación del contrato, según el orden en que son relacionados los contratos reportados en el aparte EXPERIENCIA del RUP. | G21: SALARIO MÍNIMO MENSUAL LEGAL (SMMLV)
G22: Año | H22: Valor | I22: Año | J22: Valor
A23: (2) Contratos terminados y registrados en el RUP. | G23: 1997 | H23: 172005 | I23: 2010 | J23: 515000
A24: (3) Fecha de terminación. | G24: 1998 | H24: 203826 | I24: 2011 | J24: 535600
A25: (4) Indicar si el contrato se ejecutó en forma Individual (I), en Consorcio (C) o Unión Temporal (UT). | G25: 1999 | H25: 236438 | I25: 2012 | J25: 566700
A26: (5) Valor total del contrato, en Pesos (COP) y SMMLV a la fecha de TERMINACIÓN del contrato. | G26: 2000 | H26: 260106 | I26: 2013 | J26: 589500
A27: (6) Indicar las clasificaciones del contrato en el RUP según los códigos del Clasificador de Bienes y Servicios de las Naciones Unidas para estandarizar productos y servicios (UNSPSC), DEBE corresponder con las exigidas en el PLIEGO. | G27: 2001 | H27: 286000 | I27: 2014 | J27: 616000
G28: 2002 | H28: 309000 | I28: 2015 | J28: 644350
A29: (7) experiencia especifica: Señalar cual de los contratos son tenidos en cuenta para la experiencia especifica | G29: 2003 | H29: 332000 | I29: 2016 | J29: 689454
G30: 2004 | H30: 358000 | I30: 2017 | J30: 737717
G31: 2005 | H31: 381500 | I31: 2018 | J31: 781242
A32: El formulario debe ser diligenciado en su totalidad. En todo caso la evaluación se efectuara conforme lo dispuesto en el pliego. | G32: 2006 | H32: 408000 | I32: 2019 | J32: 828116
G33: 2007 | H33: 433700 | I33: 2020 | J33: 877803
A34: Los contratos relacionados deben estar debidamente certificados | G34: 2008 | H34: 461500 | I34: 2021 | J34: 908526
G35: 2009 | H35: 496900 | I35: 2022 | J35: 1000000
A38: ____________________________________________ | E38: ____________________________________________
A39: Nombre del Proponente: | E39: Firma representante legal

Sheet Formulario 3
A2: SECRETARÍA DE SUMINISTROS Y SERVICIOS
A3: LICITACIÓN PÚBLICA No. 70007326
A4: MANTENIMIENTO Y RENOVACIÓN DE OBRAS CIVILES DE LOS BIENES INMUEBLES PROPIEDAD DEL MUNICIPIO O EN LOS QUE LE CORRESPONDA HACERLO EN VIRTUD DE UNA OBLIGACIÓN CONTRACTUAL
A5: FORMULARIO PROPUESTA ECONOMICA
A7: ITEM | B7: DESCRIPCIÓN | C7: UNIDAD | D7: CANTIDAD | E7: PRECIO UNITARIO | F7: PRECIO TOTAL
A8: 1 | B8: RETIROS Y DEMOLICIONES
B9: Se ejecutarán los retiros y las demoliciones indicados en el formulario de cantidades de obra y las demás que se requieran, con previa autorización de la Interventoría. En el valor de las demoliciones quedan incluidos los elementos adosados, los revoques, los enchapes y la protección de elementos existentes, cuando sea necesario. Las actividades se ejecutarán cumpliendo las disposiciones normativas existentes sobre Seguridad Industrial y Salud en el Trabajo, atendiendo lo establecido en la ley sobre la realización de trabajo seguro en alturas, tomando las precauciones necesarias para evitar accidentes de los trabajadores o de terceras personas y/o daños a los bienes del Municipio o de terceros. En todas las actividades que lo requieran el precio Incluye transporte interno, cargue, transporte y botada de material sobrante a cualquier distancia y/o la recuperación y el transporte de los materiales reutilizables hasta el sitio que indique la interventoría. Se deberá cumplir con la normatividad establecida por la entidad competente sobre la disposición final de los materiales resultantes de las demoliciones y/o retiros.
A10: 1,1 | B10: Retiro de sanitario, lavamanos, lavadero, orinal, lavaescoba y/o poceta. | C10: un | D10: 15 | F10: =ROUND(D10*E10,0) -> 0
A11: 1,2 | B11: Retiro y reinstalación de lavamanos, lavadero, orinal, lavaescoba y/o poceta. Incluye todos los elementos necesarios para la correcta ejecución de la actividad. | C11: un | D11: 15 | F11: =ROUND(D11*E11,0) -> 0
A12: 1,3 | B12: Retiro de tubería de desagües, abastos y/o redes electricas de cualquier diámetro y/o material. Incluye resanes en mortero 1:4 | C12: ml | D12: 100 | F12: =ROUND(D12*E12,0) -> 0
A13: 1,4 | B13: Retiro de grifería de sanitario, lavamanos y/u orinal. Incluye tapón de salida | C13: un | D13: 20 | F13: =ROUND(D13*E13,0) -> 0
A14: 1,5 | B14: Retiro de marco de puerta de cualquier material y dimensión. | C14: un | D14: 15 | F14: =ROUND(D14*E14,0) -> 0
A15: 1,6 | B15: Retiro de puerta de cualquier material y de dimensiones hasta 1.50 m x 2.50 m | C15: un | D15: 30 | F15: =ROUND(D15*E15,0) -> 0
A16: 1,7 | B16: Retiro y reinstalación de puerta (1 y/o 2 alas) de dimensiones hasta 0.60 m x 2.00 m, material diferente a vidrio. | C16: un | D16: 10 | F16: =ROUND(D16*E16,0) -> 0
A17: 1,8 | B17: Retiro y reinstalación de puerta de vidrio, de cualquier dimensión. | C17: un | D17: 10 | F17: =ROUND(D17*E17,0) -> 0
A18: 1,9 | B18: Retiro de ventana de cualquier material. Incluye marco y vidrios. | C18: m2 | D18: 15 | F18: =ROUND(D18*E18,0) -> 0
A19: 1,10 | B19: Retiro y reinstalación de ventana de cualquier material. Incluye marco y vidrios | C19: m2 | D19: 5 | F19: =ROUND(D19*E19,0) -> 0
A20: 1,11 | B20: Retiro y reinstalación de reja en ventana y/o puerta. Incluye elementos de fijación, soldadura y demás elementos necesarios para su correcta instalación. | C20: m2 | D20: 5 | F20: =ROUND(D20*E20,0) -> 0
A21: 1,12 | B21: Retiro de cortina enrollable, incluye el tambor, los resortes y demás elementos. | C21: m2 | D21: 4.5 | F21: =ROUND(D21*E21,0) -> 0
A22: 1,13 | B22: Desmonte de cubierta. Incluye estructura, teja y materiales en mal estado y/o el retiro del material recuperable hasta el sitio que indique la interventoría. Medido a cinta pegada:
A23: 1,13,1 | B23: Techo en fibro cemento | C23: m2 | D23: 1 | F23: =ROUND(D23*E23,0) -> 0
A24: 1,13,2 | B24: Techo en teja de barro. | C24: m2 | D24: 1 | F24: =ROUND(D24*E24,0) -> 0
A25: 1,13,3 | B25: Techo en teja plástica. | C25: m2 | D25: 10 | F25: =ROUND(D25*E25,0) -> 0
A26: 1,13,4 | B26: Techo en policarbonato alveolar | C26: m2 | D26: 1 | F26: =ROUND(D26*E26,0) -> 0
A27: 1,14 | B27: Retiro de teja de barro. | C27: m2 | D27: 15 | F27: =ROUND(D27*E27,0) -> 0
A28: 1,15 | B28: Retiro de canoas, ruanas y/o bajantes. | C28: ml | D28: 50 | F28: =ROUND(D28*E28,0) -> 0
A29: 1,16 | B29: Retiro de cielo raso en cualquier material. | C29: m2 | D29: =1650+200 -> 1850 | F29: =ROUND(D29*E29,0) -> 0
A30: 1,17 | B30: Retiro de lagrimales. | C30: ml | D30: 50 | F30: =ROUND(D30*E30,0) -> 0
A31: 1,18 | B31: Retiro de malla eslabonada. Incluye retiro de alambre de puas hasta 6 hilos. | C31: m2 | D31: 15 | F31: =ROUND(D31*E31,0) -> 0
A32: 1,19 | B32: Retiro de cerramiento en malla y tubería con gallinazo. Incluye demolición de pisamalla, columnetas, mampostería en bloque y/o adobe (Dos hiladas), alambre de púas hasta 6 hilos y demás elementos. | C32: m2 | D32: 1 | F32: =ROUND(D32*E32,0) -> 0
A33: 1,20 | B33: Retiro de divisiones en lámina. | C33: m2 | D33: 5 | F33: =ROUND(D33*E33,0) -> 0
A34: 1,21 | B34: Retiro y reinstalación de adoquín. Incuye limpieza de adoquín, remoción y compactación de base granular, material filtrante, arena de sello, acarreo interno y todos los elementos necesarios para la correcta ejecución de la actividad. | C34: m2 | D34: 1 | F34: =ROUND(D34*E34,0) -> 0
A35: 1,22 | B35: Retiro de piso en madera, incuye estructura de soporte | C35: m2 | D35: 20 | F35: =ROUND(D35*E35,0) -> 0
A36: 1,23 | B36: Retiro de tapete, Incluye limpieza del material de pega. | C36: m2 | D36: 200 | F36: =ROUND(D36*E36,0) -> 0
A37: 1,24 | B37: Retiro de película de control solar, incluye limpieza total de la superficie. | C37: m2 | D37: 40 | F37: =ROUND(D37*E37,0) -> 0
A38: 1,25 | B38: Retiro de mueble de cocina, superior y/o inferior | C38: un | D38: 6 | F38: =ROUND(D38*E38,0) -> 0
A39: 1,26 | B39: Retiro de mesón en acero inoxidable o material similar | C39: ml | D39: 10 | F39: =ROUND(D39*E39,0) -> 0
A40: 1,27 | B40: Retiro y reinstalacion de mesón en acero inoxidable o material similar. Incluye todos los elementos necesarios para su correcta instalacion. | C40: ml | D40: 2 | F40: =ROUND(D40*E40,0) -> 0
A41: 1,28 | B41: Demolición de mesón en mampostería, concreto y/o baldosín, incluye machones. | C41: ml | D41: =6+15 -> 21 | F41: =ROUND(D41*E41,0) -> 0
A42: 1,29 | B42: Demolición de caja en concreto de cualquier dimensión | C42: un | D42: 2 | F42: =ROUND(D42*E42,0) -> 0
A43: 1,30 | B43: Demolición poceta | C43: un | D43: 5 | F43: =ROUND(D43*E43,0) -> 0
A44: 1,31 | B44: Demolición de concreto de cualquier tipo: reforzado, simple y/o ciclópeo donde se requiera como en columnas, vigas, fundaciones, losas, muros, muertos en concreto y/o demás estructuras diferentes a las especificadas en otros items del presente capítulo. | C44: m3 | D44: 10 | F44: =ROUND(D44*E44,0) -> 0
A45: 1,32 | B45: Demolición de pisos en concreto hasta superficie rústica en piedra, incluye demolición de guarda escobas existente | C45: m2 | D45: 1 | F45: =ROUND(D45*E45,0) -> 0
A46: 1,33 | B46: Demolición de pisos en baldosa royal veta de cualquier espesor. Incluye demolición de mortero de nivelación hasta nivel de losa | C46: m2 | D46: 1300 | F46: =ROUND(D46*E46,0) -> 0
A47: 1,34 | B47: Demolición de zócalo en cualquier material y altura. | C47: ml | D47: 50 | F47: =ROUND(D47*E47,0) -> 0
A48: 1,35 | B48: Demolición de muro en ladrillo e =10 cm, en altura hasta 3.00 m | C48: m2 | D48: 20 | F48: =ROUND(D48*E48,0) -> 0
A49: 1,36 | B49: Demolición de muro en ladrillo e = 15/20 cm, en altura hasta 3.00 m | C49: m2 | D49: 45 | F49: =ROUND(D49*E49,0) -> 0
A50: 1,37 | B50: Demolición de muro en ladrillo e = 10/15/20 cm, en altura superior a 3.00 m. | C50: m2 | D50: 1 | F50: =ROUND(D50*E50,0) -> 0
A51: 1,38 | B51: Demolición de muro en bloque de concreto e=10/15 cm y altura hasta 3.00 m | C51: m2 | D51: 1 | F51: =ROUND(D51*E51,0) -> 0
A52: 1,39 | B52: Demolición de muros en bloque de concreto e=20 cm y altura hasta 3.00 m | C52: m2 | D52: 1 | F52: =ROUND(D52*E52,0) -> 0
A53: 1,40 | B53: Demolición de muro en bloque e = 10/15/20 cm, en altura superior a 3.00 m. | C53: m2 | D53: 1 | F53: =ROUND(D53*E53,0) -> 0
... A74: 1,61 | B74: Retiro y reinstalación de sillas de auditorio. Incluye elementos y materiales de fijación y demás elementos necesarios para su correcta instalación. | C74: un | D74: 100 | F74: =ROUND(D74*E74,0) -> 0
A75: 2,0 | B75: MOVIMIENTO DE TIERRA Y EXCAVACIONES
A76: 2,1 | B76: Excavación a mano de 0 a 2 mts de profundidad en material heterogéneo bajo cualquier grado de humedad, para redes y obras complementarias. Incluye cargue, transporte y botada desde el sitio de excavación hasta el botadero autorizado. | C76: m3 | D76: 3 | F76: =ROUND(D76*E76,0) -> 0
A77: 2,2 | B77: Construcción de llenos compactados con arenilla. En brechas apiques y zonas abiertas. | C77: m3 | D77: 1 | F77: =ROUND(D77*E77,0) -> 0
A78: 2,3 | B78: Construcción de llenos compactados con material seleccionado proveniente de la excavación en brechas, apiques y zonas abiertas. Incluye transporte local y elementos de protección. | C78: m3 | D78: 1 | F78: =ROUND(D78*E78,0) -> 0
A79: 2,4 | B79: Construcción de entibado temporal. | C79: m2 | D79: 1 | F79: =ROUND(D79*E79,0) -> 0
A80: 2,5 | B80: Construcción de llenos compactados con material de subbase granular. | C80: m3 | D80: 1 | F80: =ROUND(D80*E80,0) -> 0
A81: 2,6 | B81: Suministro, transporte y colocación de grama tipo Macana o equivalente, incluye conformación y nivelación de la superficie, y regado hasta su total prendimiento | C81: m2 | D81: 12 | F81: =ROUND(D81*E81,0) -> 0
A82: 2,7 | B82: Explanación y nivelación del terreno bajo cualquier grado de humedad, con espesor hasta de 0,20 m, incluye corte de taludes y terraceos requeridos definidos por la interventoria. A mano. Incluye cargue, transporte y botada desde el sitio de excavación hasta el botadero autorizado. | C82: m3 | D82: 1 | F82: =ROUND(D82*E82,0) -> 0
A83: 2,8 | B83: Explanación y nivelación del terreno bajo cualquier grado de humedad, hasta espesores de 0,20 m, incluye corte de taludes y terraceos requeridos definidos por la la interventoria. A maquina. Incluye cargue, transporte y botada desde el sitio de excavación hasta el botadero autorizado. | C83: m3 | D83: 1 | F83: =ROUND(D83*E83,0) -> 0
A84: 2,9 | B84: Cargue con (paleros) y botada de escombros provenientes de demoliciones, explanaciones y excavaciones, medido en sitio compactado. El precio incluye el factor de expansión de material. | C84: m3 | D84: 20 | F84: =ROUND(D84*E84,0) -> 0
A85: 3,0 | B85: ACERO Y ESTRUCTURA METÁLICA
A86: 3,1 | B86: Construcción y montaje de estructura metálica, en perfilería tipo IPE, HEA, PHR-C, PTE para elementos de cubierta, rampas o áreas de circulación. Incluye diseño, suministro y transporte de láminas, platinas, uniones, soldaduras de acabado o presentación, anclajes y pernos a estructura de concreto y madera. Todos los elementos deben llevar dos manos de pintura anticorrosiva, dos manos de esmalte base aceite, color por definir, ensayos a soldaduras, obra falsa y todo el equipo y la herramienta necesaria para el montaje, además de los elementos necesarios para la realización de trabajo seguro en altura | C86: kg | D86: 1 | F86: =ROUND(D86*E86,0) -> 0
A87: 3,2 | B87: Suministro, transporte, figuración y colocación de acero para el refuerzo de estructuras en general y demás obras que requieran de este elemento. Fy = 420 Mpa. (4200 kg/cm²). | C87: kg | D87: 50 | F87: =ROUND(D87*E87,0) -> 0
A88: 3,3 | B88: Suministro, transporte y colocación de malla electrosoldada tipo D 50. | C88: m2 | D88: 20 | F88: =ROUND(D88*E88,0) -> 0
A89: 3,4 | B89: Suministro, transporte y colocación de malla electrosoldada tipo D 84. | C89: m2 | D89: 10 | F89: =ROUND(D89*E89,0) -> 0
A90: 3,5 | B90: Suministro, transporte, y colocación de fijación química sobre elementos de concreto. Incluye perforación, limpieza y fijación química del tipo epóxico. No incluye refuerzo.
A91: 3,5,1 | B91: Fijación en 3/8", Broca de 1/2", Profundidad 4" | C91: un | D91: 25 | F91: =ROUND(D91*E91,0) -> 0
A92: 3,5,2 | B92: Fijación en 1/2", Broca de 5/8", Profundidad 5" | C92: un | D92: 25 | F92: =ROUND(D92*E92,0) -> 0
A93: 3,5,3 | B93: Fijación en 5/8", Broca de 3/4", Profundidad 6" | C93: un | D93: 25 | F93: =ROUND(D93*E93,0) -> 0
A94: 4,0 | B94: CONCRETOS
A95: 4,1 | B95: Colocación de concreto ciclópeo de 21 Mpa y 40% de piedra con un diámetro entre 4" y 10". Incluye todos los elementos necesarios para el correcto proceso constructivo. Para fundaciones y recintes | C95: m3 | D95: 1 | F95: =ROUND(D95*E95,0) -> 0
A96: 4,2 | B96: Losa maciza de e=0.10 m. Incluye además acabado a la vista de parte inferior de la losa y en bordel laterales. | C96: m2 | D96: 5 | F96: =ROUND(D96*E96,0) -> 0
A97: 4,3 | B97: Losa maciza de e=0.20 m. Incluye además acabado a la vista de parte inferior de la losa y en bordel laterales. | C97: m2 | D97: 1 | F97: =ROUND(D97*E97,0) -> 0
A98: 4,4 | B98: Construcción de losa de contrapiso en concreto de 21 Mpa, con espesor de 0,06 m, con acabado llaneado, incluye suministro y transporte de materiales y todo lo necesario para la correcta ejecución de la actividad. | C98: m2 | D98: 1 | F98: =ROUND(D98*E98,0) -> 0
A99: 4,5 | B99: Suministro, transporte y construción de mortero con dosificación 1:4 de 0,05 m de espesor, con acabado llaneado, incluye suministro y transporte de materiales y todo lo necesario para su correcta instalación. | C99: m2 | D99: 20 | F99: =ROUND(D99*E99,0) -> 0
A100: 4,6 | B100: Suministro, transporte y construción de mortero con dosificación 1:4, con espesor de 0,07 hasta 0,10 m, acabado rustico, incluye colocacion de Malla electrosoldada D-84 y todo lo necesario para su correcta instalación. la malla se pagara en su item correspondiente. | C100: m2 | D100: 1300 | F100: =ROUND(D100*E100,0) -> 0
A101: 4,7 | B101: Construcción de andén en concreto de 21Mpa, espesor de 0.12 m, y llaves de 0.1 x 0.2 m modulado 2.0m x 2.0m. Incluye suministro y transporte de los materiales, malla electrosoldada D-84, juntas inducidas de 5 x 5 mm con cortadora de piso, acabado escobillado pendientado y llaneado, curado, protección hasta la entrega final y todos los demás elementos necesarios para su correcta construcción. | C101: m2 | D101: 10 | F101: =ROUND(D101*E101,0) -> 0
A102: 4,8 | B102: Suministro y colocación de concreto a la vista de f'c=21 Mpa para elementos estructurales, incluye formaleta metálica, protección y curado de acuerdo con las diferentes dimensiones y elementos constructivos. Todo lo referente a concretos se regirá por lo especificado en las NEGC 501 y 601. | C102: m3 | D102: 5 | F102: =ROUND(D102*E102,0) -> 0
A103: 4,9 | B103: Suministro e instalación de concreto grauting para vaciado en mampostería estructural. | C103: m3 | D103: 1 | F103: =ROUND(D103*E103,0) -> 0
A104: 4,10 | B104: Construcción de lagrimales vaciados en concreto de 21 Mpa. Según diseño, vaciado en el sitio. Incluye refuerzo, formaleta para acabado a la vista, protección, curado, biseles y cortagoteras. Para muro de e= 0,20 m. | C104: ml | D104: 1 | F104: =ROUND(D104*E104,0) -> 0
A105: 4,11 | B105: Construcción de lagrimales vaciados en concreto de 21 Mpa. Según diseño, vaciado en el sitio. Incluye refuerzo, formaleta para acabado a la vista, protección, curado, biseles y cortagoteras. Para muro de e= 0,15 m. | C105: ml | D105: 1 | F105: =ROUND(D105*E105,0) -> 0
A106: 4,12 | B106: Suministro e instalación de lagrimal prefabricado en concreto. Incluye mortero de pega 1:4 para muro de ancho 20 cm. | C106: ml | D106: 10 | F106: =ROUND(D106*E106,0) -> 0
... A116: 4,22 | B116: Membrana impermeabilizante de secado rápido de formulación bituminosa a base agua con polímeros y elastómeros tipo Duoflex (4 mm) o equivalente, para aplicar en forma líquida, en frio, a temperatura ambiente, en concreto seco o húmedo mediante un sistema de aspersión de alta presión y velocidad (hasta 600 m2/ día). Capacidad de elongación: 2000% o superior, no inflamable. De alta adhesividad y fusión monolítica con el sustrato base sin generar juntas, elástica que se acomode a la estructura en los continuos movimientos que generan fisuras para proporcionar una impermeabilización perfecta. Amigable con el medio ambiente. Incluye Retiro de material residual, adherido en la losa como residuos de vaciados, concretos y mugre de obra en área a aplicar y todo lo necesario para la correcta ejecución de la actividad. | C116: m2 | D116: 1300 | F116: =ROUND(D116*E116,0) -> 0
A117: 5,0 | B117: MAMPOSTERÍA
A118: 5,1 | B118: Construcción de mampostería en ladrillo para revocar una o dos caras, incluye mortero de pega 1:4, trabas, columnas, machones, cuchillas, buitrones (para bajantes de redes en general), remates de enrases, de aristas con esquineros de fábrica, encorozados, áticos y chapas necesarias por detalles de construcción que se ejecuten en el mismo material que se está midiendo. Todos los cortes realizados a máquina. (Según norma Icontec 451, 296 y la ASTM C-652 y C-34). De 10x20x40 cm. e = 10 cm. En cualquier altura | C118: m2 | D118: 15 | F118: =ROUND(D118*E118,0) -> 0
A119: 5,2 | B119: Construcción de mampostería en ladrillo para revocar una o dos caras, incluye mortero de pega 1:4, trabas, columnas, machones, cuchillas, buitrones (para bajantes de redes en general), remates de enrases, de aristas con esquineros de fábrica, encorozados, áticos y chapas necesarias por detalles de construcción que se ejecuten en el mismo material que se está midiendo. Todos los cortes realizados a máquina. (Según norma Icontec 451, 296 y la ASTM C-652 y C-34). De 15x20x40 cm. e = 15 cm. En cualquier altura | C119: m2 | D119: 10 | F119: =ROUND(D119*E119,0) -> 0
A120: 5,3 | B120: Construcción de mampostería en ladrillo en soga para revocar una o dos caras, incluye mortero de pega 1:4, trabas, columnas, machones, cuchillas, buitrones (para bajantes de redes en general), remates de enrases, de aristas con esquineros de fábrica, encorozados, áticos y chapas necesarias por detalles de construcción que se ejecuten en el mismo material que se está midiendo. Todos los cortes realizados a máquina. (Según norma Icontec 451, 296 y la ASTM C-652 y C-34). De 15x20x40 cm. e = 20 cm. En cualquier altura | C120: m2 | D120: 1 | F120: =ROUND(D120*E120,0) -> 0
A121: 5,4 | B121: Construcción de mampostería en bloque de concreto ranurado ambas caras, incluye mortero de pega 1:4, trabas, columnas, machones, cuchillas, buitrones (para bajantes de redes en general), remates de enrases, de aristas con esquineros de fábrica, encorozados, áticos y chapas necesarias por detalles de construcción que se ejecuten en el mismo material que se esta midiendo. Todos los cortes serán realizados a máquina. (Según norma Icontec 247). De 20 x 20 x 40 e= 20 cm. En cualquier altura | C121: m2 | D121: 1 | F121: =ROUND(D121*E121,0) -> 0
A122: 5,5 | B122: Construcción de mampostería en bloque de concreto ranurado ambas caras, incluye mortero de pega 1:4, trabas, columnas, machones, cuchillas, buitrones (para bajantes de redes en general), remates de enrases, de aristas con esquineros de fábrica, encorozados, áticos y chapas necesarias por detalles de construcción que se ejecuten en el mismo material que se esta midiendo. Todos los cortes serán realizados a máquina. (Según norma Icontec 247). De 15 x 20 x 40 e= 15 cm. En cualquier altura | C122: m2 | D122: 1 | F122: =ROUND(D122*E122,0) -> 0
A123: 5,6 | B123: Construcción de cerramiento en bloque de concreto, malla eslabonada calibre 10 ojo 5, concertina diámetro 30 cm.: Incluye concreto de 21 Mpa para fundación, concreto de 21 Mpa para columnas, viga superior monolítica , muro en bloque de concreto 20x20x40 cm. e= 20 cm (2 hiladas) tubería galvanizada de 1,9" para postes con gallinazo cada 2,20 m. (H poste = 4,0 m. incluido gallinazo), para pieamigos en esquinas e intermedios cada 6,60 mts ( L = 4,00 m), tubería intermedia horizontal, tubería inferior a 10 Cms del muro, ángulo superior e inferior de 11/2" x 11/2" x 1/8" tratado con pintura anticorrosiva y pintura de acabado color aluminio, tapones en lamina galvanizada, cable en acero inoxidable de 1/8" para coser concertina y demás elementos necesarios para su correcto funcionamiento. | C123: ml | D123: 20 | F123: =ROUND(D123*E123,0) -> 0
A124: 5,7 | B124: Impermeabilización de muro con igol denso de Sika o similar. Incluye preparación de la superficie e igol imprimante. | C124: m2 | D124: 1 | F124: =ROUND(D124*E124,0) -> 0
A125: 5,8 | B125: Impermeabilización de muro con igol denso de sika. Incluye igol imprimante y plástico (polietilenonegro calibre 5). | C125: m2 | D125: 1 | F125: =ROUND(D125*E125,0) -> 0
A126: 5,9 | B126: Suministro y aplicación de 2 capas de hidrófugo impermeabilizante del tipo Siliconite o equivalente en fachadas de ladrillo, concreto, piedra y/o mortero. Incluye preparación de la superficie. | C126: m2 | D126: 100 | F126: =ROUND(D126*E126,0) -> 0
A127: 5,10 | B127: Construcción de muro de encharque de h=10cm, forrado en baldosín, rematado en intermatex acolillado. | C127: ml | D127: 1 | F127: =ROUND(D127*E127,0) -> 0
A128: 5,11 | B128: Suministro e instalación de sello de junta vertical entre mampostería y estructura en concreto. Incluye cordón de espuma de polietileno de 1/2" y sismoflex-520 de Corona o equivalente. La profundidad del cordón de simoflex debe ser igual a la mitad del ancho de la junta (Según recomendación del fabricante). | C128: ml | D128: 20 | F128: =ROUND(D128*E128,0) -> 0
A129: 5,12 | B129: Suministro, transporte y colocación de muros en Drywall con placas en yeso 2 caras con un espesor de aprox. de 9 cm (ancho del perfil más espesor de placa). Incluye estructura metálica para armado y soporte parales separados a 61 cm, perfiles esquineros, placa de drywall de 1/2", cinta en fibra de vidrio de 5 cm, tornillería de 6x1", masilla, acabado en vinilo tipo 1 (acabado tipo 4 segun normas necesarias hasta obtener una superficie pareja y homogénea), y todos los demás elementos necesarios para su correcta instalación y funcionamiento. En cualquier altura | C129: m2 | D129: 60 | F129: =ROUND(D129*E129,0) -> 0
... A148: 5,31 | B148: Limpieza y lavada de superficie en vidrio con liquido limpiador y gel exfoliante: Incluye andamios y todo lo requerido para su ejecución. | C148: m2 | D148: 1 | F148: =ROUND(D148*E148,0) -> 0
A149: 6,0 | B149: INSTALACIONES HIDROSANITARIAS
...

Sheet Formulario 4
A2: SECRETARÍA DE SUMINISTROS Y SERVICIOS
A3: LICITACIÓN PÚBLICA No. 70007326
A5: ='Formulario 1'!A5:J5 -> MANTENIMIENTO Y RENOVACIÓN DE OBRAS CIVILES DE LOS BIENES INMUEBLES PROPIEDAD DEL MUNICIPIO O EN LOS QUE LE CORRESPONDA HACERLO EN VIRTUD DE UNA OBLIGACIÓN CONTRACTUAL
A7: Formulario No. 4
A8: INFORMACIÓN SOBRE MULTAS Y SANCIONES
A10: No. | B10: CONTRATO | C10: RESOLUCION MULTA | D10: FECHA EJECUTORIADA LA MULTA | E10: RESOLUCION SANCIÓN | F10: FECHA EJECUTORIADA LA SANCIÓN
A22: Para el caso de proponentes plurales se debe entregar formulario por cada uno de los integrantes.
A26: Nombre del Proponente: | E26: Firma representante legal

Sheet Formulario 5
A7: SECRETARÍA DE SUMINISTROS Y SERVICIOS
A8: LICITACIÓN PÚBLICA No. 70007326
A10: ='Formulario 1'!A5:J5 -> MANTENIMIENTO Y RENOVACIÓN DE OBRAS CIVILES DE LOS BIENES INMUEBLES PROPIEDAD DEL MUNICIPIO O EN LOS QUE LE CORRESPONDA HACERLO EN VIRTUD DE UNA OBLIGACIÓN CONTRACTUAL
A13: Formulario No. 5
A14: ANÁLISIS DE PRECIOS UNITARIOS
A16: PROYECTO:
A18: DESCRIPCION DEL ÍTEM: | E18: ITEM:
E19: UNIDAD:
A21: I. EQUIPO
A22: Descripción | C22: Tipo | D22: Tarifa/Hora | E22: Rendimiento | F22: Valor Unit.
E27: Sub-Total
A28: II. MATERIALES EN OBRA
A29: Descripción | C29: Unidad | D29: Precio Unit. | E29: Cantidad | F29: Valor Unit.
E34: Sub-Total
A35: III. TRANSPORTES
A36: Material | B36: Vol., peso o cant. | C36: Distancia | D36: m3-km | E36: Tarifa | F36: Valor Unit.
E40: Sub-Total
A41: IV. MANO DE OBRA
A42: Trabajador | C42: Jornal | D42: Prestaciones | E42: Rendimiento | F42: Valor Unit.
E47: Sub-Total
D49: Total Costo Directo
A50: V. COSTOS INDIRECTOS
A51: Descripción | E51: Porcentaje | F51: Valor Total
A52: ADMINISTRACION
A53: UTILIDAD
A54: IMPREVISTOS
E55: Sub-Total
B57: PRECIO UNITARIO TOTAL (aproximado al peso)

Sheet Formulario 6
A2: =+CONCATENATE("OBJETO:"," ",'[22]Paso 1'!C6) -> OBJETO: MANTENIMIENTO Y RENOVACIÓN DE OBRAS CIVILES DE LOS BIENES INMUEBLES PROPIEDAD DEL MUNICIPIO O EN LOS QUE LE CORRESPONDA HACERLO EN VIRTUD DE UNA OBLIGACIÓN CONTRACTUAL
A3: LICITACIÓN PÚBLICA No. 70007326
A4: Formulario No. 6
A5: CÁLCULO DEL AIU
A7: Recurso Humano | B7: Cantidad | C7: Dedicación | D7: Salario o valor | E7: F.P | F7: Plazo | G7: Vr. Total
A8: =+IF('[22]Paso 1'!B22="","",'[22]Paso 1'!B22&" "&'[22]Paso 1'!C22) -> Residente residente obra 1 | B8: =+'[22]Paso 1'!E22 -> 1 | C8: =+'[22]Paso 1'!F22 -> 1 | F8: =+'[22]Paso 1'!I22 -> 6
A9: =+IF('[22]Paso 1'!B23="","",'[22]Paso 1'!B23&" "&'[22]Paso 1'!C23) -> Residente residente obra 2 | B9: =+'[22]Paso 1'!E23 -> 1 | C9: =+'[22]Paso 1'!F23 -> 1 | F9: =+'[22]Paso 1'!I23 -> 6
A10: =+IF('[22]Paso 1'!B24="","",'[22]Paso 1'!B24&" "&'[22]Paso 1'!C24) -> Profesional Ambiental profesional ambiental | B10: =+'[22]Paso 1'!E24 -> 1 | C10: =+'[22]Paso 1'!F24 -> 1 | F10: =+'[22]Paso 1'!I24 -> 6
A11: =+IF('[22]Paso 1'!B25="","",'[22]Paso 1'!B25&" "&'[22]Paso 1'!C25) -> Profesional Seguridad y Salud en el trabajo -SST profesional siso | B11: =+'[22]Paso 1'!E25 -> 1 | C11: =+'[22]Paso 1'!F25 -> 1 | F11: =+'[22]Paso 1'!I25 -> 6
A12: Almacenista | B12: 1 | C12: =+'[22]Paso 1'!F26 -> 1 | F12: =+'[22]Paso 1'!I26 -> 6
A13: Otros Gastos de Administración
A14: =+IF('[22]Paso 1'!B50="","",'[22]Paso 1'!B50&" "&'[22]Paso 1'!C50) -> Transporte transporte para profesionales sedes ext | B14: =+'[22]Paso 1'!E50 -> 2 | C14: =+'[22]Paso 1'!D50 -> mes | F14: =+'[22]Paso 1'!I50 -> 6
A15: =+IF('[22]Paso 1'!B51="","",'[22]Paso 1'!B51&" "&'[22]Paso 1'!C51) -> Arrendamiento oficina | B15: =+'[22]Paso 1'!E51 -> 1 | C15: =+'[22]Paso 1'!D51 -> mes | F15: =+'[22]Paso 1'!I51 -> 6
A16: =+IF('[22]Paso 1'!B52="","",'[22]Paso 1'!B52&" "&'[22]Paso 1'!C52) -> Servicio públicos servicios públicos de oficina | B16: =+'[22]Paso 1'!E52 -> 1 | C16: =+'[22]Paso 1'!D52 -> mes | F16: =+'[22]Paso 1'!I52 -> 6
A17: =+IF('[22]Paso 1'!B53="","",'[22]Paso 1'!B53&" "&'[22]Paso 1'!C53) -> Auxilio por celulares - equipo y consumo- comunicaciones profesionales | B17: =+'[22]Paso 1'!E53 -> 4 | C17: =+'[22]Paso 1'!D53 -> mes | F17: =+'[22]Paso 1'!I53 -> 6
A18: =+IF('[22]Paso 1'!B54="","",'[22]Paso 1'!B54&" "&'[22]Paso 1'!C54) -> Auxilio para gastos de papeleria, fotocopias y otros papeleria informes,documentos | B18: =+'[22]Paso 1'!E54 -> 1 | C18: =+'[22]Paso 1'!D54 -> mes | F18: =+'[22]Paso 1'!I54 -> 6
A19: =+IF('[22]Paso 1'!B55="","",'[22]Paso 1'!B55&" "&'[22]Paso 1'!C55) -> Asesorias juridicas, contables y técnicas Asesorias | B19: =+'[22]Paso 1'!E55 -> 1 | C19: =+'[22]Paso 1'!D55 -> mes | F19: =+'[22]Paso 1'!I55 -> 6
A20: =+IF('[22]Paso 1'!B56="","",'[22]Paso 1'!B56&" "&'[22]Paso 1'!C56) -> Computadores licenciados, incluye impresora y conexión a internet equipos para profesionales | B20: =+'[22]Paso 1'!E56 -> 1 | C20: =+'[22]Paso 1'!D56 -> mes | F20: =+'[22]Paso 1'!I56 -> 6
A21: Impuestos
A22: Gravamen a los movimientos Financieros -GMF- Art. 115 ET Deducible 50% | B22: 0.002
A23: Estampilla Procultura - Capítulo XVIII Acuerdo 066/2017 | B23: 0.005
A24: Estampilla Adulto Mayor - Capítulo XIX Acuerdo 066/2017 | B24: 0.02
A25: Estampilla U de A - Capítulo XX Acuerdo 066/2017 | B25: 0.01
A26: =+'[22]Paso 1'!B82 -> Pro Deporte y Recreación | B26: =+'[22]Paso 1'!I82 -> 0.013
A27: Contribución Especial Artículo 11 del Decreto 399 de 2011 y el inciso 2 del artículo 6 de la Ley 1106 de 2006. | B27: 0.05
A28: Subtotal costos Administración
A29: Costo directo de obra
A30: Porcentaje Administración
A31: Imprevistos
A32: Utilidad
A33: SUBTOTAL A.I.U
A34: Otros costos indirectos
A35: Legalización Contrato
A36: =+'[22]Paso 1'!B91 -> Pólizas - Gasto fijo comprobable- | E36: Inmodificable | G36: =+'[22]Paso 1'!J109 -> 5293180
A37: Impacto Comunitario
A38: =+'[22]Paso 1'!B92 -> Inversión Socio Ambiental - Protocolo Bioseguridad - Valor fijo- | E38: Inmodificable | G38: =+'[22]Paso 1'!C14 -> 11784300
A39: TOTAL COSTO DE OBRA
A41: =+'[22]Paso 1'!B112 -> Nota 1: El valor definido por la Entidad por concepto de pólizas es un valor fijo e inmodificable, que deberá ser comprobable por el contratista en el momento de presentar la primer factura o documento equivalente, para el efecto, el contratista deberá presentar los documentos que soporten el valor facturado, que en todo caso no podrá ser superior al valor presupuestado por la Entidad.
A42: =+'[22]Paso 1'!B115 -> Nota 2: El valor total presupuestado por la entidad por concepto de la aplicación de Impacto comunitario (Inversión socio ambiental + Protocolo bioseguridad) reflejado en los anexos correspondientes es un valor fijo y será demostrable y/o comprobable según corresponda. No podrá ser modificado so pena de rechazo. Lo anterior, con la finalidad de ser ejecutados en la proporción requerida y durante los tiempos en que se presenten las necesidades que cada uno de ellos busca satisfacer. Dichas actividades serán reconocidas a cargo de reembolso de gastos
A44: Proponente __________________________________ | B44: Representante Legal | D44: _____________________________________________

Sheet Formulario 7
A2: SECRETARÍA DE SUMINISTROS Y SERVICIOS
A3: LICITACIÓN PÚBLICA No. 70007326
A4: ='Formulario 1'!A5:J5 -> MANTENIMIENTO Y RENOVACIÓN DE OBRAS CIVILES DE LOS BIENES INMUEBLES PROPIEDAD DEL MUNICIPIO O EN LOS QUE LE CORRESPONDA HACERLO EN VIRTUD DE UNA OBLIGACIÓN CONTRACTUAL
A5: Formulario No. 7
A6: INVERSIÓN AMBIENTAL
A8: DESCRIPCION | B8: UN | C8: CANT | D8: V. UNIT. | E8: V. TOTAL
A9: GESTIÓN AMBIENTAL
A10: Manejo de Residuos Sólidos
A11: Canecas de 5 galones (para distribuir en los diferentes frentes de obra) | B11: un | C11: 4 | E11: =ROUND(C11*D11,0) -> 0
A12: Almacenamiento adecuado de materiales de construcción
A13: Teleras 1,40 x 0,70 m | B13: un | C13: 20 | E13: =ROUND(C13*D13,0) -> 0
A14: Plástico negro calibre 4, ancho 3 m. | B14: ml | C14: 100 | E14: =ROUND(C14*D14,0) -> 0
A15: Control de emisones atmosféricas
A16: Manguera de agua para tráfio pesado (200 Psi), de 50 mts de longitud | B16: un | C16: 1 | E16: =ROUND(C16*D16,0) -> 0
A17: Manejo del Recurso Hídrico
A18: Malla tipo polisombra color azul para cerramiento, ancho 4 m | B18: ml | C18: 20 | E18: =ROUND(C18*D18,0) -> 0
A19: Larguero de madera común para soporte de cerramiento de 2"x2" x 3m | B19: un | C19: 20 | E19: =ROUND(C19*D19,0) -> 0
A20: Tela para cerramiento verde -Sarán (Rollo de 100 m x 2,10 m) | B20: rollo | C20: 2 | E20: =ROUND(C20*D20,0) -> 0
A21: Señalización vial y desvios
A22: Señales informativas según manual de señalización vial, 0,60 x 1,20 m móvil* | B22: un | C22: 5 | E22: =ROUND(C22*D22,0) -> 0
A23: SEGURIDAD Y SALUD EN EL TRABAJO
A24: Camilla rigida 180 mts x 0.45 mts* | B24: un | C24: 1 | E24: =ROUND(C24*D24,0) -> 0
A25: Extintor multipropósito (ABC), capacidad 10 LB | B25: un | C25: 1 | E25: =ROUND(C25*D25,0) -> 0
A26: Botiquín de primeros auxilios tipo B ref 120, con alcohol, termometro y guantes desechables | B26: un | C26: 2 | E26: =ROUND(C26*D26,0) -> 0
A27: Demarcación del área de trabajos
A28: Cinta señalización peligro de 0,07 x 50 m | B28: rollo | C28: 5 | E28: =ROUND(C28*D28,0) -> 0
A29: Cono PVC 45 cm con cinta reflectiva | B29: und | C29: 5 | E29: =ROUND(C29*D29,0) -> 0
A30: Transporte de personal, Materiales y Equipos
A31: Lona para vehículo (volqueta o camión) de 1,50 x 0,80 m, impresión injekt resistente a la intemperie | B31: un | C31: 1 | E31: =ROUND(C31*D31,0) -> 0
A32: Elementos de Protección Identificación
A33: Chalecos para residente | B33: Un | C33: 4 | E33: =ROUND(C33*D33,0) -> 0
A34: Casco industrial liviano blanco | B34: un | C34: 4 | E34: =ROUND(C34*D34,0) -> 0
A35: Elementos de protección personal (Guantes de nitrilo+tapabocas tela antifluido, gafas con protección lateral) | B35: un | C35: 4 | E35: =ROUND(C35*D35,0) -> 0
A36: Kit para trabajo en alturas (Arnés, casco con barbuquejo, tapaoidos, eslinga) | B36: Un | C36: 1 | E36: =ROUND(C36*D36,0) -> 0
A37: TOTAL INVERSIÓN AMBIENTAL | E37: =SUM(E11:E36) -> 0
A39: Nota
A40: 1. Dentro del Factor Prestacional debe incluirse la dotación contemplada por la ley y los elementos de Protección Personal -EPP según la naturaleza del riesgo al que este sometido el trabajador.
A41: 2. Para implementos nuevos no reintegrables se reconocerá un porcentaje de su valor comercial
A42: 3. El personal socioambiental (Residente Ambiental) esta cargado dentro del personal administrativo de la obra
A43: 4. El valor por implementación del presupuesto de Inversión Ambiental se pagará como un gasto reembolsable únicamente contra la presentación de las respectivas facturas, toda vez que se trata de un gasto que no se incluye dentro del cálculo del AIU.
A44: 5. El proponente deberá diligenciar este formulario teniendo en cuenta que el CONTENIDO MINIMO del mismo será el correspondiente al formato oficial, so pena del rechazo de su propuesta; no obstante, el oferente, según su propio análisis, podrá aumentar las cantidades sin que obtenga pago adicional por ello. El hecho de que el contratista no estipule en su oferta el valor de la implementación del presupuesto de Inversión Ambiental, no lo exime del cumplimiento de la legislación vigente que le sea aplicable y no podrá solicitar pago adicional alguno por este concepto, pues todo quedará cubierto con lo que cotizó en los costos indirectos.
A50: ____________________________________________ | C50: ___________________________________
A51: Nombre del Proponente: | C51: Firma representante legal

Sheet Formulario 7.1
A7: SECRETARÍA DE SUMINISTROS Y SERVICIOS
A8: LICITACIÓN PÚBLICA No. 70007326
A9: ='Formulario 1'!A5:J5 -> MANTENIMIENTO Y RENOVACIÓN DE OBRAS CIVILES DE LOS BIENES INMUEBLES PROPIEDAD DEL MUNICIPIO O EN LOS QUE LE CORRESPONDA HACERLO EN VIRTUD DE UNA OBLIGACIÓN CONTRACTUAL
A11: Formulario No. 7,1
A12: PROTOCOLO DE BIOSEGURIDAD MANEJO COVID
A14: Ítem | B14: Descripción/Actividad | C14: Unidad | D14: Cantidad | E14: Valor unitario | F14: Valor total
B15: Adecuación de espacios físicos
A16: 1 | B16: Señalización interna y externa, cartelera informativa COVID-19 | C16: unidad | D16: 2 | F16: =ROUND(D16*E16,0) -> 0
A17: 2 | B17: Dispensador toallas desechables de papel | C17: un | D17: 1 | F17: =ROUND(D17*E17,0) -> 0
B18: Desinfección
A19: 3 | B19: Jabón Antibacterial liquido solo para lavado de manos | C19: Galón | D19: 3 | F19: =ROUND(D19*E19,0) -> 0
A20: 4 | B20: Alcohol etílico Glicerinado al 96% | C20: Lts | D20: 1 | F20: =ROUND(D20*E20,0) -> 0
A21: 5 | B21: Desinfectante con amonios cuaternarios de quinta generación 500 ppm | C21: Lts | D21: 60 | F21: =ROUND(D21*E21,0) -> 0
A22: 6 | B22: Toallas desechables | C22: un | D22: =5*20*30 -> 3000 | F22: =ROUND(D22*E22,0) -> 0
A23: 7 | B23: Hipoclorito de sodio entre el 5% y 6% (para vestier, baños, ducha, comedor, puntos de desinfección, oficina, equipo, maquinaria, almacén, bodega, cuadrilla de aseo, vehículos y transporte, ingreso y salida de obra) | C23: Lts | D23: 20 | F23: =ROUND(D23*E23,0) -> 0
A24: 8 | B24: Detergente en polvo (limpieza de superficies de madera, baños, vestier, duchas, comedor, maquinaria, equipos, cuadrilla de aseo y desinfección) | C24: kg | D24: 5 | F24: =ROUND(D24*E24,0) -> 0
A25: 9 | B25: kit de aseo, incluye: escobas, trapeadoras, esponjas y cepillo | C25: Unidad | D25: 2 | F25: =ROUND(D25*E25,0) -> 0
A26: 10 | B26: Fumigadora de desinfección para espacios (bomba manual) | C26: Unidad | D26: 1 | F26: =ROUND(D26*E26,0) -> 0
B27: Dotación Elementos de Protección Personal
A28: 11 | B28: Gafas seguridad industrial antiempañante, mono gafas | C28: Unidad | D28: 20 | F28: =ROUND(D28*E28,0) -> 0
A29: 12 | B29: Tapabocas de tela anti fluido (para todo el personal en obra) | C29: Unidad | D29: 600 | F29: =ROUND(D29*E29,0) -> 0
B30: Total por mes | F30: =ROUND(SUM(F16:F29),0) -> 0
B31: Total por empleado por mes (aprox. 20) | F31: =F30/20 -> 0
B32: TOTAL ( 6 meses) | F32: =F30*6 -> 0
A35: OBSERVACIONES
A36: Análisis realizado para 20 trabajadores por mes
A37: Plazo 6 meses
A39: Notas:
A40: 1. El valor por implementación del protocolo de bioseguridad se pagará como un gasto reembolsable contra presentación de las respectivas facturas, toda vez que se trata de un gasto que no se incluye dentro del cálculo del AIU.
A41: 2. El proponente deberá diligenciar este formulario teniendo en cuenta que el CONTENIDO MINIMO del mismo será el correspondiente al formato oficial, so pena del rechazo de su propuesta; no obstante, el oferente, según su propio análisis, podrá aumentar las cantidades sin que obtenga pago adicional por ello. El hecho de que el contratista no estipule en su oferta el valor del Protocolo de Bioseguridad, no lo exime del cumplimiento de la legislación vigente que le sea aplicable y no podrá solicitar pago adicional alguno por este concepto, pues todo quedará cubierto con lo que cotizó en los costos indirectos.
A44: ____________________________________________ | C44: ___________________________________
A45: Nombre del Proponente: | C45: Firma representante legal

Sheet Formulario 8
A7: SECRETARÍA DE SUMINISTROS Y SERVICIOS
A8: LICITACIÓN PÚBLICA No. 70007326
A10: ='Formulario 1'!A5:J5 -> MANTENIMIENTO Y RENOVACIÓN DE OBRAS CIVILES DE LOS BIENES INMUEBLES PROPIEDAD DEL MUNICIPIO O EN LOS QUE LE CORRESPONDA HACERLO EN VIRTUD DE UNA OBLIGACIÓN CONTRACTUAL
A13: Formulario No. 8
A14: INFORMACIÓN FINANCIERA EXTRANJEROS
A16: INFORMACIÓN FINANCIERA CON LA ÚLTIMA FECHA DE CORTE DEL PAÍS CORRESPONDIENTE
A18: Oferente:
A20: Resumen de cuentas de Balance General y Estado de Resultados que sean necesarias para verificar los requisitos habilitantes de capacidad financiera y organizacional
B22: Oferente singular | C22: Consorcio o Unión Temporal
A23: Cuenta | B23: (Valores en pesos colombianos) | C23: Integrante N.1 (Valores en pesos colombianos) | D23: Integrante N.2 (Valores en pesos colombianos) | E23: Integrante N.3 (Valores en pesos colombianos)
A24: BALANCE GENERAL
A25: Efectivo
A26: Activo Corriente
A27: Activo Total
A28: Pasivo Corriente
A29: Pasivo Total
A30: Patrimonio
A31: ESTADO DE RESULTADOS
A32: Utilidad Operacional
A33: Gastos de Intereses
A34: Mayor ingreso operacional en los últimos cinco (5) años anteriores a la fecha de corte
A36: ________________________________
... A45: T.P

Sheet Formulario 9
A2: SECRETARÍA DE SUMINISTROS Y SERVICIOS
A3: LICITACIÓN PÚBLICA No. 70007326
A5: ='[24]Formulario 1'!A5:J5 -> MANTENIMIENTO Y RENOVACIÓN DE OBRAS CIVILES DE LOS BIENES INMUEBLES PROPIEDAD DEL MUNICIPIO O EN LOS QUE LE CORRESPONDA HACERLO EN VIRTUD DE UNA OBLIGACIÓN CONTRACTUAL
A7: Formulario No. 9
A8: FACTOR PRESTACIONAL
A10: SALARIO BÁSICO
A11: Prima
A12: Cesantías
A13: Interés a las cesantías
A14: Vacaciones
A15: Salud (EPS) *
A16: Pensiones (AFP)
A17: Caja de Compensación
A18: Sena *
A19: ICBF *
... A31: Firma representante legal

Sheet Formulario 10
A2: SECRETARÍA DE SUMINISTROS Y SERVICIOS
A4: LICITACIÓN PÚBLICA No. 70007326
A5: ='Formulario 1'!A5:J5 -> MANTENIMIENTO Y RENOVACIÓN DE OBRAS CIVILES DE LOS BIENES INMUEBLES PROPIEDAD DEL MUNICIPIO O EN LOS QUE LE CORRESPONDA HACERLO EN VIRTUD DE UNA OBLIGACIÓN CONTRACTUAL
A6: FORMULARIO No.10
A7: CONSTANCIA DE COMPROMISO PERSONAL
A9: Nombre :
A10: Cédula:
A11: Cargo:
A12: Título Universitario:
A13: No.Tarjeta Profesional
A14: Fecha Expedición Tarjeta Profesional
A15: Postgrados
A16: Teléfono:
A17: Email:
A18: EXPERIENCIA. 1. Relacionar los contratos o proyectos con los que acredita el cumplimiento de los requisitos establecidos en el pliego para la evaluación de la experiencia. 2. Se deben relacionar máximo, el número de contratos establecidos en el pliego para la asignación de puntaje del profesional, no se tendrán en cuenta los contratos que excedan el número máximo de contratos permitidos y, la evaluación se realizara teniendo en cuenta el estricto orden en el que son relacionados en el presente Formulario.
A19: No. | B19: ENTIDAD CONTRATANTE | C19: ENTIDAD CONTRATISTA | D19: CONTRATO O PROYECTO
A25: Con la suscripción del presente documento, me comprometo a prestar mis servicios en el cargo arriba indicado, al proponente:_________________________ ,dentro del proceso de contratación N°_______ de ___________ cuyo objeto es ___________________________________
A26: Así mismo autorizo al proponente a presentar y utilizar mi hoja de vida en este proceso.
A29: FIRMA
A30: CEDULA
A32: *Si para diligenciar este documento requiere varias hojas por favor firmar todas.
